 Dungeon Crawl Stone Soup version 0.30.0 (webtiles) character file.

Game seed: 4161955431802332737

8764 monsoonserge the Unseen (level 11, -3/51 HPs)
             Began as a Spriggan Enchanter on May 5, 2023.
             Was an Elder of Nemelex Xobeh.
             Killed by divine providence
             ... invoked by an orc priest
              (11 damage)
             ... on level 10 of the Dungeon.
             The game lasted 00:40:26 (10194 turns).

monsoonserge the Unseen (Spriggan Enchanter)       Turns: 10194, Time: 00:40:26

Health: -3/51      AC:  8    Str:  4    XL:     11   Next: 14%
Magic:  11/18      EV: 18    Int: 27    God:    Nemelex Xobeh [****..]
Gold:   285        SH:  6    Dex: 25    Spells: 10/18 levels left

rFire   . . .        L - +6 short sword of Honour {heavy, rElec Dex+3}
rCold   . . .        S - +0 buckler
rNeg    . . .        P - +0 acid dragon scales
rPois   +            (helmet restricted)
rElec   +            V - +1 cloak {rPois}
rCorr   +            (gloves unavailable)
SInv    +            (boots unavailable)
Will    +....        (no amulet)
Stlth   ++++++       f - +6 ring of intelligence
HPRegen 0.28/turn    n - +6 ring of dexterity
MPRegen 0.16/turn

%: no passive effects
@: very quick
A: very small, no large weapons, unfitting armour, see invisible, speed 3
a: Renounce Religion, Draw Escape, Draw Destruction, Draw Summoning, Triple
Draw, Deal Four


You were on level 10 of the Dungeon.
You worshipped Nemelex Xobeh.
Nemelex Xobeh was greatly pleased with you.
You visited 2 branches of the dungeon, and saw 11 of its levels.

You collected 460 gold pieces.
You spent 175 gold pieces at shops.

Inventory:

Hand Weapons
 L - the +6 short sword of Honour (weapon) {heavy, rElec Dex+3}
   (You found it on level 7 of the Dungeon)

   Dex:       It affects your dexterity (+3).
   rElec:     It insulates you from electricity.
Missiles
 s - 15 poisoned darts (quivered)
 z - 65 stones
 N - 5 boomerangs
 O - a curare-tipped dart
Armour
 u - the +2 robe of Gozag's Anger {Int+2}
   (You found it on level 2 of the Dungeon)

   Int:       It affects your intelligence (+2).
 E - +0 steam dragon scales
 P - +0 acid dragon scales (worn)
 Q - a +2 robe of cold resistance
 S - a +0 buckler (worn)
 V - a +1 cloak of poison resistance (worn)
Jewellery
 f - a +6 ring of intelligence (left hand)
 n - a +6 ring of dexterity (right hand)
 x - a ring of positive energy
 F - a ring of flight
 I - a ring of wizardry
Wands
 K - a wand of light (12)
 M - a wand of digging (5)
 T - a wand of charming (6)
 U - a wand of polymorph (2)
Scrolls
 a - 3 scrolls of teleportation {unknown}
 b - 3 scrolls of poison {unknown}
 g - a scroll of magic mapping {unknown}
 i - 6 scrolls of identify {unknown}
 k - a scroll of blinking {unknown}
 p - a scroll of vulnerability {unknown}
 q - a scroll of immolation {unknown}
 r - 3 scrolls of fear {unknown}
 y - 4 scrolls of fog {unknown}
 B - a scroll of enchant weapon {unknown}
 C - a scroll of torment {unknown}
 H - 4 scrolls of enchant armour {unknown}
 J - 5 scrolls of silence {unknown}
 R - a scroll of amnesia {unknown}
Potions
 c - 4 potions of invisibility
 d - 2 potions of might {unknown}
 e - 4 potions of flight {unknown}
 h - a potion of mutation {unknown}
 j - 5 potions of cancellation {unknown}
 l - a potion of heal wounds {unknown}
 m - 2 potions of brilliance {unknown}
 o - 2 potions of haste {unknown}
 t - 3 potions of resistance {unknown}
 v - a potion of magic {unknown}
 w - a potion of berserk rage {unknown}
 A - 4 potions of curing {unknown}
 D - 5 potions of degeneration {unknown}
 G - a potion of ambrosia {unknown}
 W - a potion of attraction {unknown}


   Skills:
 + Level 2.6 Fighting
 + Level 6.9 Short Blades
 + Level 0.7 Throwing
 * Level 1.6 Armour
 + Level 5.9 Dodging
 + Level 15.8 Stealth
 * Level 1.7 Shields
 - Level 4.0 Spellcasting
 + Level 2.0 Conjurations
 + Level 9.0 Hexes
 - Level 2.0 Ice Magic
 * Level 6.8 Invocations


You had 10 spell levels left.
You knew the following spells:

 Your Spells              Type           Power      Damage    Failure   Level
a - Ensorcelled Hibernat  Hex/Ice        70%        N/A       6%          2
b - Confusing Touch       Hex            53%        N/A       2%          3
c - Dazzling Flash        Conj/Hex       70%        N/A       12%         3

Your spell library contained the following spells:

 Spells                   Type           Power      Damage    Failure   Level
 Tukima's Dance           Hex            53%        N/A       2%          3
 Freeze                   Ice            64%        1d7       16%         1
 Kiss of Death            Conj/Necr      40%        2d8       24%         1
 Frozen Ramparts          Ice            32%        1d5       43%         3
 Hailstorm                Conj/Ice       16%        3d6       43%         3
 Volatile Blastmotes      Fire/Tloc      10%        2d10      73%         3
 Iskenderun's Mystic Bla  Conj/Tloc      10%        2d4       94%         4
 Dispel Undead            Necr           5%         3d7       98%         4
 Starburst                Conj/Fire      5%         6d4       100%        6


Dungeon Overview and Level Annotations

Branches:
Dungeon (10/15)            Temple (1/1) D:7            Lair (0/5) D:9
    Orc: D:9-12

Altars:
Ashenzari
Cheibriados
Dithmenos
Fedhas
Gozag
Hepliaklqana
Kikubaaqudgha
Makhleb
Nemelex Xobeh
Okawaru
Qazlal
Ru
Sif Muna
Trog
Uskayaw
Vehumet
Wu Jian
Xom
Yredelemnul
Zin
The Shining One

Shops:
D:9 :   D:10 [


Innate Abilities, Weirdness & Mutations

You are very small and have problems with some larger weapons.
You are too small for most types of armour.
You have supernaturally acute eyesight. (SInv)
You cover ground extremely quickly. (Speed+++)


Message History

You are poisoned.
The killer bee poisons you!
An orc priest comes into view. It is wielding a +0 short sword.
You closely miss the killer bee.
The killer bee is almost dead.
You feel very sick. You block the killer bee's attack.
The killer bee stings you! The orc warrior barely misses you.
The orc barely misses you.
Your magical contamination has completely faded away.
Casting: Dazzling Flash (dangerous; 12% risk of failure)
Confirm with . or Enter, or press ? or * to list all spells.
Casting: Dazzling Flash (dangerous; 12% risk of failure)
Press: ? - help, Dir - look around, f - activate Look: an orc warrior, wielding a +0 dire flail and wearing a +0 plate armour (chance to dazzle: 68%)
The killer bee is dazzled.
The orc is dazzled. x2; You feel sick.
The killer bee misses you. You block the killer bee's attack.
The orc warrior barely misses you. The orc barely misses you.
You barely miss the killer bee.
The killer bee is almost dead.
You feel sick. The killer bee closely misses you.
The killer bee completely misses you. The orc warrior closely misses you.
You block the orc's attack. The killer bee closely misses you.
You catch the helpless killer bee completely off-guard!
You spit the killer bee like a pig!!!
You kill the killer bee!
You feel sick. The orc closely misses you. The orc warrior barely misses you.
You puncture the orc!
You kill the orc!
You feel sick. You block the orc's attack. You block the orc warrior's attack.
The orc priest mumbles some strange prayers to Beogh against you.
Beogh smites you!
* * * LOW HITPOINT WARNING * * *
You feel sick.
The orc is no longer blind.
You feel sick.
You are no longer poisoned.
The orc priest looks encouraged for a moment.
The orc priest mumbles some strange prayers to Beogh against you.
Beogh smites you!
You die...
Your body disappears without a glow.

#..## ##...#
###..#....#
##..>#####.. #####
##.†### # ##...###
##†<##
.###......######.†##
............##..###
#.......o..@..##
##..o)..o....##
#.............#
#....†........#
#..............#
#..............#
#..............#
##..............#
#..............#


You could see an orc warrior, an orc priest and an orc.

Vanquished Creatures
  A death yak (D:9)
  A two-headed ogre (D:9)
  A deep elf pyromancer (D:10)
  An elephant (D:9)
  2 trolls (D:10)
  A vampire (D:10)
  A wyvern (D:7)
  A basilisk (D:9)
  8 yaks
  4 steam dragons
  An acid dragon (D:8)
  2 orc warriors
  3 black bears (D:9)
  A sky beast (D:7)
  3 ice beasts
  A centaur (D:7)
  3 ogres
  A kobold brigand (D:8)
  3 bullfrogs
  A gnoll sergeant (D:9)
  4 scorpions
  8 wights (D:8)
  21 killer bees
  A howler monkey (D:4)
  4 hounds
  10 orc priests
  4 jellies
  3 iguanas
  A sleepcap (D:7)
  11 orc wizards
  7 adders
  8 gnolls
  2 white imps (D:7)
  An ufetubus (D:5)
  2 worms
  4 dart slugs
  31 orcs
  5 ball pythons
  3 bats (D:2)
  5 endoplasms
  4 giant cockroaches
  7 goblins
  10 hobgoblins
  4 jackals (D:4)
  9 kobolds
  4 quokkas
  4 frilled lizards (D:2)
  4 rats
221 creatures vanquished.

Vanquished Creatures (others)
  An orc (D:10)
1 creature vanquished.

Grand Total: 222 creatures vanquished

Notes
Turn   | Place    | Note
-------+----------+-------------------------------------------
     0 | D:1      | monsoonserge the Spriggan Enchanter began the quest for the
                  | Orb.
     0 | D:1      | Reached XP level 1. HP: 9/9 MP: 5/5
   352 | D:1      | Reached XP level 2. HP: 13/13 MP: 6/6
   395 | D:1      | Learned a level 2 spell: Ensorcelled Hibernation
  1145 | D:2      | Reached XP level 3. HP: 16/16 MP: 5/8
  1152 | D:2      | Learned a level 3 spell: Confusing Touch
  1454 | D:2      | Reached skill level 5 in Stealth
  1454 | D:2      | Reached skill level 1 in Ice Magic
  1640 | D:2      | Identified the +2 robe of Gozag's Anger {Int+2}
  1820 | D:3      | Reached XP level 4. HP: 21/21 MP: 9/9
  2091 | D:3      | Reached skill level 5 in Hexes
  2091 | D:3      | Reached XP level 5. HP: 25/25 MP: 3/10
  2579 | D:3      | Found a sparkling altar of Nemelex Xobeh.
  2969 | D:3      | Became a worshipper of Nemelex Xobeh the Trickster
  3028 | D:4      | Reached skill level 1 in Fighting
  3080 | D:4      | Reached XP level 6. HP: 30/30 MP: 11/11
  3530 | D:4      | Reached * piety under Nemelex Xobeh
  3968 | D:5      | Entered Level 5 of the Dungeon
  4117 | D:5      | Reached skill level 6 in Stealth
  4207 | D:5      | Reached XP level 7. HP: 33/33 MP: 12/12
  4251 | D:5      | Learned a level 3 spell: Dazzling Flash
  4275 | D:5      | Noticed a steam dragon
  4331 | D:5      | Killed a steam dragon
  4332 | D:5      | Reached skill level 7 in Stealth
  4391 | D:5      | Reached skill level 1 in Conjurations
  4776 | D:5      | Received a gift from Nemelex Xobeh
  4780 | D:5      | You fall into a shaft and drop 1 floor!
  5061 | D:5      | Reached ** piety under Nemelex Xobeh
  5168 | D:5      | Reached skill level 8 in Stealth
  5168 | D:5      | Reached XP level 8. HP: 36/37 MP: 9/14
  5653 | D:6      | Found a snail-covered altar of Cheibriados.
  5718 | D:6      | Reached skill level 1 in Invocations
  6117 | D:7      | Found a burning altar of Makhleb.
  6140 | D:7      | Found an opulent altar of Gozag.
  6144 | D:7      | Found a shimmering altar of Xom.
  6181 | D:7      | Reached skill level 9 in Stealth
  6292 | D:7      | Received a gift from Nemelex Xobeh
  6314 | D:7      | Reached *** piety under Nemelex Xobeh
  6326 | D:7      | Identified the +6 short sword of Honour {heavy, rElec
                  | Dex+3}
  6346 | D:7      | Reached skill level 5 in Short Blades
  6346 | D:7      | Reached skill level 10 in Stealth
  6353 | D:7      | Reached skill level 5 in Dodging
  6355 | D:7      | Reached XP level 9. HP: 12/42 MP: 5/16
  6514 | D:7      | Found a staircase to the Ecumenical Temple.
  6565 | Temple   | Entered the Ecumenical Temple
  6632 | D:7      | Reached skill level 11 in Stealth
  6952 | D:8      | Reached skill level 12 in Stealth
  7115 | D:8      | Reached skill level 13 in Stealth
  7467 | D:8      | Reached XP level 10. HP: 46/46 MP: 17/17
  7660 | D:8      | Reached skill level 5 in Invocations
  8024 | D:9      | Noticed a two-headed ogre
  8603 | D:9      | Reached skill level 1 in Armour
  8663 | D:9      | Found a bloodstained altar of Trog.
  8673 | D:9      | Reached skill level 14 in Stealth
  8675 | D:9      | Killed a two-headed ogre
  8748 | D:9      | Found a staircase to the Lair.
  8748 | D:9      | Noticed an elephant
  8751 | D:9      | Noticed a death yak
  8901 | D:9      | Killed an elephant
  9071 | D:9      | Killed a death yak
  9072 | D:9      | Reached skill level 15 in Stealth
  9072 | D:9      | Reached skill level 1 in Shields
  9489 | D:9      | Found Lezxiedd's Book Boutique.
  9496 | D:10     | Entered Level 10 of the Dungeon
  9535 | D:10     | Noticed a deep elf pyromancer
  9542 | D:10     | Killed a deep elf pyromancer
  9543 | D:10     | Reached XP level 11. HP: 23/51 MP: 13/18
  9700 | D:10     | Found an iron altar of Okawaru.
  9976 | D:10     | Reached **** piety under Nemelex Xobeh
  9977 | D:10     | Found Pepejiux's Armour Shoppe.
  9988 | D:10     | Bought a +1 cloak of poison resistance for 175 gold pieces
 10041 | D:10     | Received a gift from Nemelex Xobeh
 10194 | D:10     | Killed from afar by an orc priest

Illustrated notes

Levels and vault maps discovered:
D:1:      dpeg_arrival_lava_altar, layout_loops_corners, minmay_ruptured
D:2:      minmay_diamond_boxcup, layout_basic
D:3:      layout_basic, lemuel_coloured_pillars_altar,
          wad_floor_pattern_untrapped, st_stairs_10, kennysheep_generic_room_12
D:4:      layout_basic, st_stairs_7
D:5:      layout_layer_cave, kennysheep_windowed_goal
D:6:      layout_basic, nicolae_overflow_hidden_temple
D:7:      layout_basic, grunt_temple_overflow_open,
          minmay_temple_entry_nine_rooms
D:8:      layout_basic, kennysheep_generic_room_9
D:9:      layout_loops_ring, trog_ov_bears_minmay, david_lair_generic,
          serial_shops, shop, nrook_mini_vaults, kennysheep_small_square
D:10:     layout_cave_pods, okawaru_ov_weapons_minmay,
          mainiacjoe_overflow_catwalk, serial_shops, nicolae_lakefront_shop,
          minmay_misc_feat_enclosed
Temple:   nicolae_temple_ecumenical_triangle

Skill      XL: |  1  2  3  4  5  6  7  8  9 10 |
---------------+-------------------------------+-----
Hexes          | 4 5 6 7 8 9 |  9.0
Spellcasting   | 3 4 |  4.0
Dodging        | 3 4 5 |  5.9
Stealth        | 5 6 8 10 13 15 | 15.8
Ice Magic      | 1 2 |  2.0
Short Blades   | 2 3 4 5 6 |  6.9
Fighting       | 1 2 |  2.6
Conjurations   | 1 2 |  2.0
Invocations    | 3 4 6 |  6.8
Armour         | 1 |  1.6
Shields        | 1 |  1.7
Throwing       | |  0.7

Action                     |  1- 3 |  4- 6 |  7- 9 | 10-12 || total
---------------------------+-------+-------+-------+-------++-------
  Melee: Dagger            |    98 |    87 |    67 |       ||   252
         Punch             |       |     1 |     1 |       ||     2
         Short sword       |       |       |    72 |    99 ||   171
  Throw: Dart              |       |       |       |     7 ||     7
   Cast: Ensorcelled Hiber |    14 |    30 |    36 |    28 ||   108
         Dazzling Flash    |       |       |     2 |     5 ||     7
         Confusing Touch   |       |       |     7 |     4 ||    11
    Use: Potion            |       |       |     1 |       ||     1
   Stab: Sleeping          |    20 |    33 |    47 |    27 ||   127
         Distracted        |       |     1 |       |     4 ||     5
         Invisible         |       |       |     6 |     8 ||    14
         Confused          |       |       |     6 |     5 ||    11
 Armour: Robe              |    10 |     6 |     9 |       ||    25
         Acid dragon scale |       |       |       |    19 ||    19
  Dodge: Dodged            |    57 |    56 |   134 |   114 ||   361
  Block: Buckler           |       |       |       |    18 ||    18
